 Dungeon Crawl Stone Soup version 0.23-a0-650-ga4d50d4 (console) character file.

158 Duffy the Firebug (level 5, 29/35 HPs)
             Began as a Demonspawn Fire Elementalist on Jan 6, 2019.
             Quit the game on level 3 of the Dungeon.
             The game lasted 00:02:46 (2965 turns).

Duffy the Firebug (Demonspawn Fire Elementalist)    Turns: 2965, Time: 00:02:47

Health: 29/35      AC:  3    Str:  8    XL:     5   Next: 16%
Magic:  4/9        EV: 12    Int: 18    God:
Gold:   121        SH:  0    Dex: 13    Spells: 2/10 levels left

rFire    . . .     SeeInvis .   i - +3 whip
rCold    . . .     Gourm    .   (no shield)
rNeg     . . .     Faith    .   a - +0 robe
rPois    .         Spirit   .   (helmet restricted)
rElec    .         Reflect  .   (no cloak)
rCorr    .         Harm     .   j - +0 pair of gloves (curse)
MR       .....                  (no boots)
Stlth    ++........             (no amulet)
HPRegen  2.11/turn              (no ring)
MPRegen  0.11/turn              (no ring)

@: very slightly contaminated
A: horns 1, powered by death 2
a: no special abilities


You were on level 3 of the Dungeon.
You were not hungry.

You visited 1 branch of the dungeon, and saw 3 of its levels.

You collected 121 gold pieces.

Inventory:

Hand Weapons
 i - a +3 whip (weapon)
Armour
 a - a +0 robe (worn)
 j - a cursed +0 pair of gloves (worn)
Wands
 l - a wand of polymorph (9)
Scrolls
 d - a scroll of magic mapping {unknown}
 e - 3 scrolls of identify {unknown}
 f - a scroll of remove curse {unknown}
 g - 3 scrolls of noise {unknown}
Potions
 h - a potion of heal wounds {unknown}
 k - a potion of agility {unknown}
Comestibles
 b - 3 chunks of flesh
 c - 4 rations


   Skills:
 - Level 1.7 Dodging
 - Level 1.7 Stealth
 + Level 3.2 Spellcasting
 + Level 3.0 Conjurations
 + Level 3.7 Fire Magic


You had 2 spell levels left.
You knew the following spells:

 Your Spells              Type           Power        Failure   Level  Hunger
h - Flame Tongue          Conj/Fire      ###..        4%          1    None
j - Sticky Flame          Conj/Fire      ###.....     36%         4    ####...
l - Conjure Flame         Conj/Fire      ###.....     12%         3    ###....

Your spell library contained the following spells:

 Spells                   Type           Power        Failure   Level  Hunger
 Magic Dart               Conj           ##..         4%          1    None
 Throw Flame              Conj/Fire      ###...       6%          2    ##.....
 Blink                    Tloc           N/A          24%         2    ##.....
 Call Imp                 Summ           #.......     24%         2    ##.....
 Slow                     Hex            #.......     24%         2    ##.....
 Inner Flame              Hex/Fire       #.......     22%         3    ###....
 Mephitic Cloud           Conj/Pois/Air  #.......     32%         3    ###....
 Fireball                 Conj/Fire      ###.......   73%         5    ######.


Dungeon Overview and Level Annotations

Branches:
Dungeon (3/15)

Altars:
Elyvilon
Hepliaklqana


Innate Abilities, Weirdness & Mutations

You have a pair of small horns on your head.
You regenerate health from kills.


Message History

Confirm with . or Enter, or press ? or * to list all spells.
Aiming: Flame Tongue (safe; 4% risk of failure)
Press: ? - help, Shift-Dir - straight line, f/p - orc wizard
Aim: an orc wizard, wielding a +0 dagger and wearing a +0 robe (heavily The flame tongue hits the orc wizard.
The orc wizard appears unharmed.
The orc wizard is heavily wounded.
The orc wizard hits you with a +0 dagger.
The orc wizard hits you but does no damage.
Casting: Flame Tongue (safe; 4% risk of failure)
Confirm with . or Enter, or press ? or * to list all spells.
Aiming: Flame Tongue (safe; 4% risk of failure)
Press: ? - help, Shift-Dir - straight line, f/p - orc wizard
Aim: an orc wizard, wielding a +0 dagger and wearing a +0 robe (heavily The flame tongue hits the orc wizard.
You kill the orc wizard!
Your Conjurations skill increases to level 3!
You have reached level 5!
Your demonic ancestry asserts itself...
A pair of horns grows on your head!
Are you sure you want to abandon this character and quit the game? (Confirm

#.#######......#
####.#######..##########
.......................#
####.#######..#.######.#
.... ...............+
...##.###..#.#.##.#.#
....# #..#.#.#..#...
##....#
....#.#.#.#######
.#....#
###.##.#@#.......# .#
... .. #.#)#.....#.# .#
########.#.......# )#
#......#.###.##o.# .#
#.####.# #.##..# .# #.#
#.# #....... .# #.# #.#
#####..o. .#######.# #.#
.....# .........# #.#
#...o(#


There were no monsters in sight!

Vanquished Creatures
  An orc wizard (D:3)
  An iguana (D:2)
  5 adders
  An ooze (D:1)
  A dart slug (D:2)
  A leopard gecko (D:3)
  8 bats
  2 giant cockroaches (D:1)
  9 goblins
  7 hobgoblins
  2 ball pythons
  5 frilled lizards
  8 kobolds
  6 rats
57 creatures vanquished.

Notes
Turn   | Place    | Note
-------+----------+-------------------------------------------
     0 | D:1      | Duffy the Demonspawn Fire Elementalist began the quest for
                  | the Orb.
     0 | D:1      | Reached XP level 1. HP: 13/13 MP: 3/3
   133 | D:1      | Gained mutation: You regenerate a little health from kills.
                  | [demonic ancestry]
   133 | D:1      | Reached XP level 2. HP: 19/19 MP: 1/5
  1098 | D:2      | Gained mutation: You regenerate health from kills. [demonic
                  | ancestry]
  1098 | D:2      | Reached XP level 3. HP: 24/24 MP: 4/6
  1569 | D:2      | Reached XP level 4. HP: 20/30 MP: 2/8
  1703 | D:2      | Learned a level 3 spell: Conjure Flame
  1708 | D:2      | Learned a level 4 spell: Sticky Flame
  2308 | D:2      | Found a white marble altar of Elyvilon.
  2452 | D:2      | Found a hazy altar of Hepliaklqana.
  2964 | D:3      | Gained mutation: You have a pair of small horns on your
                  | head. [demonic ancestry]
  2964 | D:3      | Reached XP level 5. HP: 26/35 MP: 4/9
  2965 | D:3      | Quit the game

Vault maps used:
D:1:      ncdulo_smallfort, minmay_misc_feat_chi, minmay_liquid_box,
          minmay_domino_2
D:2:      marbit_many_paths, lemuel_doored_altar, minivault_26,
          minmay_quadrilaterals
D:3:      chequers_serial_rivers_large_a

Skill      XL: |  1  2  3  4 |
---------------+-------------+-----
Fire Magic     | 3 |  3.7
Conjurations   | 2 3 |  3.0
Spellcasting   | 3 |  3.2
Dodging        | |  1.7
Stealth        | |  1.7

Action                   |  1- 3 |  4- 6 || total
-------------------------+-------+-------++-------
Melee: Dagger            |     6 |     7 ||    13
       Whip              |       |     4 ||     4
 Cast: Flame Tongue      |    58 |    48 ||   106
  Eat: Chunk             |     2 |     5 ||     7
Armor: Robe              |     5 |     8 ||    13
Dodge: Dodged            |    23 |    34 ||    57

Table legend:
 A = Non-vault XP
 B = Vault XP
 C = Vault XP percentage of total XP
 D = Non-vault monster count
 E = Vault monster count
 F = Vault count percentage of total count
                 A         B        C        D         E       F
            +---------+---------+-------+---------+---------+-------
      Total |     190 |      37 |  16.3 |      48 |       9 |  15.8
            +---------+---------+-------+---------+---------+-------
        D:1 |      50 |       2 |   3.8 |      21 |       2 |   8.7
        D:2 |      91 |      35 |  27.8 |      21 |       7 |  25.0
        D:3 |      49 |       0 |   0.0 |       6 |       0 |   0.0
            +---------+---------+-------+---------+---------+-------
